 Dungeon Crawl Stone Soup version 0.24.0-125-gc4c63601f3 (webtiles) character file.

Game seed: 12047527939312711734, levelgen mode: deterministic

356 HawFromDerth the Covert (level 6, 0/30 HPs)
             Began as a Spriggan Assassin on Feb 18, 2020.
             Killed by divine providence
             ... invoked by an orc priest
              (9 damage)
             ... on level 4 of the Dungeon.
             The game lasted 00:09:12 (3846 turns).

HawFromDerth the Covert (Spriggan Assassin)         Turns: 3846, Time: 00:09:12

Health: 0/30       AC:  4    Str:  6 (7)  XL:     6   Next: 36%
Magic:  7/7        EV: 18    Int: 11 (12) God:
Gold:   156        SH:  0    Dex: 20      Spells: 5/5 levels left

rFire    + . .     SeeInvis +   a - +2 dagger
rCold    . . .     Gourm    +   (shield restricted)
rNeg     . . .     Faith    .   b - +0 robe
rPois    .         Spirit   .   (helmet restricted)
rElec    .         Reflect  .   c - +1 cloak
rCorr    .         Harm     .   (gloves unavailable)
MR       +....                  (boots unavailable)
Stlth    ++++......             h - amulet of the gourmand
HPRegen  0.10/turn              g - ring of protection from fire
MPRegen  0.10/turn              (no ring)

@: very quick
A: very small, unfitting armour, see invisible, herbivore, speed 3, slow
metabolism 2
a: no special abilities


You were on level 4 of the Dungeon.
You were not hungry.

You visited 1 branch of the dungeon, and saw 4 of its levels.

You collected 156 gold pieces.

Inventory:

Hand Weapons
 a - a +2 dagger (weapon)
Missiles
 d - 44 poisoned darts (quivered)
 e - 2 curare-tipped darts
Armour
 b - a +0 robe (worn)
 c - a +1 cloak (worn)
Jewellery
 g - a ring of protection from fire (left hand)
 h - an amulet of the gourmand (around neck)
Scrolls
 j - a scroll of random uselessness {unknown}
 k - a scroll of teleportation
 l - 3 scrolls of identify
 m - a scroll of remove curse
 n - 2 scrolls of amnesia {unknown}
 p - a scroll of fear {unknown}
 q - a scroll of magic mapping {unknown}
Potions
 i - 2 potions of curing
 o - a potion of flight {unknown}
Comestibles
 f - 5 rations


   Skills:
 + Level 2.1 Fighting
 + Level 3.7 Short Blades
 + Level 3.3 Throwing
 + Level 2.9 Dodging
 + Level 9.2 Stealth


You had 5 spell levels left.
You didn't know any spells.
Your spell library contained the following spells:

 Spells                   Type           Power        Failure   Level  Hunger
 Confusing Touch          Hex            #.....       34%         1    ##.....
 Confuse                  Hex            #.......     71%         3    ####...
 Gell's Gravitas          Tloc           #.........   71%         3    ####...
 Petrify                  Tmut/Erth      #.......     98%         4    #####..
 Metabolic Englaciation   Hex/Ice        #.........   100%        5    ######.
 Yara's Violent Unravell  Hex/Tmut       #.........   100%        5    ######.


Dungeon Overview and Level Annotations

Branches:
Dungeon (4/15)
 Temple: D:4-7

Altars:
Ashenzari
Sif Muna


Innate Abilities, Weirdness & Mutations

You are very small and have problems with some larger weapons.
You are too small for most types of armour.
You have supernaturally acute eyesight. (SInv)
You are a herbivore.
You cover ground extremely quickly.
You need to consume almost no food.


Message History

The orc priest is heavily wounded.
Things that are here:
a +2 halberd of venom; a gnoll skeleton You start resting.
The orc priest is too close now for your liking.
Throwing (i - inventory. (/) - cycle)
d - 45 poisoned darts (quivered)
Press: ? - help, Shift-Dir - straight line, f/p - orc priest
Aim: an orc priest, wielding a +0 flail (severely wounded)
You throw a poisoned dart. The poisoned dart hits the orc priest!
The orc priest is poisoned.
The orc priest is severely wounded.
The orc priest calls down the wrath of Beogh upon you.
Pain shoots through your body!
* * * LOW HITPOINT WARNING * * *
You feel a bit more experienced.
An orc comes into view.
There are monsters nearby!
The orc priest mumbles some strange prayers to Beogh against you.
Beogh smites you!
You die...

##### # #... .#
######.########.##
#............#.o.#
####............$.#
#.....###.#####.#
#.##.## #@# #o#
####.##.# #.# #.#
#..o.)..# #.# #[#
#(##.#### #.# #.#
#.##.# #.# ###(# #
##.##.#
#.###...##.###
#...#.#
#.##..(........
#.....#
#.o.o.o....####
#...###
####..######


You could see an orc priest.

Vanquished Creatures
  An orc priest (D:4)
  Jessica (D:2)
  An iguana (D:3)
  An orc wizard (D:4)
  A worker ant (D:2)
  8 adders
  7 gnolls
  A worm (D:2)
  3 dart slugs
  3 leopard geckos
  2 orcs
  3 ball pythons
  6 bats
  A giant cockroach (D:1)
  7 goblins
  3 hobgoblins
  2 quokkas (D:2)
  12 frilled lizards
  9 kobolds
  6 rats
78 creatures vanquished.

Vanquished Creatures (others)
  A crimson imp (D:2)
1 creature vanquished.

Grand Total: 79 creatures vanquished

Notes
Turn   | Place    | Note
-------+----------+-------------------------------------------
     0 | D:1      | HawFromDerth the Spriggan Assassin began the quest for the
                  | Orb.
     0 | D:1      | Reached XP level 1. HP: 10/10 MP: 2/2
   117 | D:1      | Reached skill level 6 in Stealth
   254 | D:1      | Reached XP level 2. HP: 14/14 MP: 3/3
   480 | D:1      | Reached skill level 7 in Stealth
   643 | D:2      | Reached XP level 3. HP: 18/18 MP: 4/4
   792 | D:2      | Reached XP level 4. HP: 16/23 MP: 5/5
  1294 | D:2      | Noticed Jessica
  1300 | D:2      | Killed Jessica
  1434 | D:2      | Reached skill level 8 in Stealth
  1528 | D:2      | Reached XP level 5. HP: 26/26 MP: 6/6
  1739 | D:2      | Found a shimmering blue altar of Sif Muna.
  2855 | D:3      | Found a shattered altar of Ashenzari.
  3449 | D:4      | Reached XP level 6. HP: 30/30 MP: 7/7
  3730 | D:4      | Reached skill level 9 in Stealth
  3846 | D:4      | Killed from afar by an orc priest

Levels and vault maps discovered:
D:1:      psy_arrival_dodecagon, layout_rooms, minmay_misc_feat_pillars
D:2:      layout_loops_ring, lemuel_crystal_altar, first_ration,
          hangedman_decor_clover_reticule, uniq_jessica
D:3:      layout_loops_ring, overflow_temple_1_default, grunt_ministairs_2,
          hex_medium, minmay_misc_feat_rugged
D:4:      layout_loops_ring, nicolae_overflow_hidden_temple

Skill      XL: |  1  2  3  4  5  6 |
---------------+-------------------+-----
Stealth        | 6 7 8 9 |  9.2
Dodging        | 2 |  2.9
Short Blades   | 3 |  3.7
Throwing       | 3 |  3.3
Fighting       | 2 |  2.1

Action                   |  1- 3 |  4- 6 || total
-------------------------+-------+-------++-------
Melee: Dagger            |    75 |   166 ||   241
Throw: Dart              |    10 |    55 ||    65
  Use: Scroll            |       |     5 ||     5
       Potion            |       |     4 ||     4
 Stab: Sleeping          |     8 |    19 ||    27
  Eat: Ration            |       |     1 ||     1
Armor: Robe              |    18 |    26 ||    44
Dodge: Dodged            |    45 |   104 ||   149
